[Event "14th Vandoeuvre Open 2018"]
[Site "?"]
[Date "2018.01.03"]
[Round "4"]
[White "Fedorchuk, Sergey A"]
[Black "Doluhanova, Evgeniya"]
[Result "1-0"]
[ECO "B90"]
[WhiteElo "2638"]
[BlackElo "2342"]
[PlyCount "41"]
[EventDate "2018.??.??"]
[EventType "swiss"]
[EventCountry "FRA"]
[SourceTitle "Vandoeuvre"]
[TimeControl "5400+30"]
[WhiteClock "0:47:28"]
[BlackClock "0:59:13"]

1. e4 c5 2. Nf3 d6 3. d4 cxd4 4. Nxd4 Nf6 5. Nc3 a6 6. h3 e5 7. Nde2 h5 8. g3 Be6 9. Bg2 Nbd7 10. a4 Be7 11. Be3 Rb8 12. a5 b5 13. axb6 Nxb6 14. b3 Qc8 15. Qd3 O-O 16. Qxa6 Qc7 17. Qd3 Qc8 18. Ra7 Nfd7 19. O-O Rd8 20. Nd5 Bf8 21. Rc7 1-0

[Event "14th Vandoeuvre Open 2018"]
[Site "?"]
[Date "2018.01.03"]
[Round "4"]
[White "Mu, Ke"]
[Black "Kryakvin, Dmitry"]
[Result "1/2-1/2"]
[ECO "A37"]
[WhiteElo "2436"]
[BlackElo "2580"]
[PlyCount "67"]
[EventDate "2018.??.??"]
[EventType "swiss"]
[EventCountry "FRA"]
[SourceTitle "Vandoeuvre"]
[TimeControl "5400+30"]
[WhiteClock "0:36:41"]
[BlackClock "0:30:54"]

1. c4 c5 2. g3 Nc6 3. Bg2 g6 4. Nc3 Bg7 5. Nf3 e6 6. O-O Nge7 7. d4 cxd4 8. Nb5 d5 9. cxd5 Nxd5 10. Nfxd4 O-O 11. e4 Ndb4 12. Be3 Bd7 13. Qb3 Nxd4 14. Nxd4 Qa5 15. Bd2 Bxd4 16. Bxb4 Qb6 17. Bxf8 Rxf8 18. Qxb6 axb6 19. e5 Bxe5 20. Bxb7 Bxb2 21. Rad1 Bb5 22. Rfe1 Bc3 23. Re3 Ba5 24. a3 Rb8 25. Bf3 Rc8 26. Be2 Ba4 27. Rd6 Kf8 28. Rd4 Rc1+ 29. Kg2 Bc6+ 30. Bf3 Bb5 31. Be2 Bc6+ 32. Bf3 Bb5 33. Be2 Bc6+ 34. Bf3 1/2-1/2

[Event "14th Vandoeuvre Open 2018"]
[Site "?"]
[Date "2018.01.03"]
[Round "4"]
[White "Keymer, Vincent"]
[Black "Lin, Chen"]
[Result "1/2-1/2"]
[ECO "D15"]
[WhiteElo "2408"]
[BlackElo "2485"]
[PlyCount "80"]
[EventDate "2018.??.??"]
[EventType "swiss"]
[EventCountry "FRA"]
[SourceTitle "Vandoeuvre"]
[TimeControl "5400+30"]
[WhiteClock "0:19:15"]
[BlackClock "0:27:04"]

1. d4 d5 2. c4 c6 3. Nf3 Nf6 4. Nc3 a6 5. e3 Bf5 6. Qb3 Ra7 7. Bd2 e6 8. Nh4 Be4 9. f3 dxc4 10. Qxc4 Bd5 11. Nxd5 cxd5 12. Qa4+ Nc6 13. g3 Be7 14. Ng2 O-O 15. Be2 b5 16. Qd1 Qb6 17. O-O Rc7 18. Rc1 Rfc8 19. Kh1 Bd6 20. Qe1 b4 21. Nf4 e5 22. dxe5 Nxe5 23. Rxc7 Rxc7 24. Nd3 Nc4 25. Bxb4 Bxb4 26. Qxb4 Qxb4 27. Nxb4 Nxe3 28. Re1 a5 29. Bb5 axb4 30. Rxe3 d4 31. Rd3 Rc1+ 32. Kg2 Rc2+ 33. Kg1 Rc1+ 34. Kf2 Rc2+ 35. Ke1 Rxb2 36. Rxd4 g5 37. Rd2 Rb1+ 38. Rd1 Rb2 39. Rd2 Rb1+ 40. Rd1 Rb2 1/2-1/2

[Event "14th Vandoeuvre Open 2018"]
[Site "?"]
[Date "2018.01.03"]
[Round "4"]
[White "Tay, Shi Hao"]
[Black "Riou Durand, Lionel"]
[Result "0-1"]
[ECO "C05"]
[WhiteElo "2038"]
[BlackElo "1898"]
[PlyCount "94"]
[EventDate "2018.??.??"]
[EventType "swiss"]
[EventCountry "FRA"]
[SourceTitle "Vandoeuvre"]
[TimeControl "5400+30"]
[WhiteClock "0:02:57"]
[BlackClock "0:01:07"]

1. e4 e6 2. d4 d5 3. Nd2 Nf6 4. e5 Nfd7 5. f4 c5 6. c3 Nc6 7. Ndf3 cxd4 8. cxd4 Nb6 9. Ne2 Bd7 10. g3 a5 11. Bh3 a4 12. O-O g6 13. g4 h5 14. Ng5 hxg4 15. Bxg4 Nc4 16. Qd3 Nb4 17. Qg3 Qb6 18. Qf2 Nd3 19. Qf3 Ndxb2 20. Bxb2 Nxb2 21. f5 gxf5 22. Bh5 O-O-O 23. Nxf7 Rxh5 24. Qxh5 Be8 25. Rfc1+ Nc4 26. Rab1 Qc7 27. Nd6+ Bxd6 28. Qh6 Ba3 29. Rc3 Bd7 30. Kh1 Re8 31. Nf4 Kb8 32. Nh5 Qa5 33. Rc2 Be7 34. Nf6 Bxf6 35. exf6 Qd8 36. Rg1 Rf8 37. Rg6 Nd6 38. Qf4 Qb6 39. Rc1 Ka7 40. Rg7 Bb5 41. Rg6 Ne4 42. Qe5 Nf2+ 43. Kg2 Nd3 44. Qc7 Qxc7 45. Rxc7 Nf4+ 46. Kf3 Nxg6 47. f7 Kb6 0-1

[Event "14th Vandoeuvre Open 2018"]
[Site "?"]
[Date "2018.01.03"]
[Round "4"]
[White "Pillard, Valentin"]
[Black "Faivre, Pierre Alix"]
[Result "1/2-1/2"]
[ECO "E71"]
[WhiteElo "1967"]
[BlackElo "1742"]
[PlyCount "78"]
[EventDate "2018.??.??"]
[EventType "swiss"]
[EventCountry "FRA"]
[SourceTitle "Vandoeuvre"]
[TimeControl "5400+30"]
[WhiteClock "0:02:40"]
[BlackClock "0:30:20"]

1. d4 Nf6 2. c4 g6 3. Nc3 Bg7 4. e4 d6 5. h3 O-O 6. Bg5 Nbd7 7. Qd2 c5 8. d5 Qc7 9. Rd1 a6 10. a4 b6 11. Be2 Bb7 12. h4 h5 13. f3 Ne5 14. Nh3 Rfe8 15. f4 Neg4 16. f5 Kh7 17. fxg6+ fxg6 18. Nf4 Bc8 19. Ne6 Bxe6 20. dxe6 Ne5 21. O-O Qc8 22. Bxf6 exf6 23. e7 Qe6 24. Nd5 Ra7 25. Nxb6 Rb7 26. Nd5 Nc6 27. Qf4 f5 28. exf5 Qxe2 29. f6 Bh6 30. Qxd6 Nxe7 31. fxe7 Rxb2 32. Rf7+ Bg7 33. Rxg7+ Kh8 34. Qxg6 Qf2+ 35. Kh1 Qxh4+ 36. Kg1 Qf2+ 37. Kh1 Qh4+ 38. Kg1 Qf2+ 39. Kh1 Qh4+ 1/2-1/2

[Event "14th Vandoeuvre Open 2018"]
[Site "?"]
[Date "2018.01.03"]
[Round "4"]
[White "Roussey, Quentin"]
[Black "Hornet, Nicolas"]
[Result "0-1"]
[ECO "B01"]
[WhiteElo "1966"]
[BlackElo "1633"]
[PlyCount "76"]
[EventDate "2018.??.??"]
[EventType "swiss"]
[EventCountry "FRA"]
[SourceTitle "Vandoeuvre"]
[TimeControl "5400+30"]
[WhiteClock "1:00:04"]
[BlackClock "0:02:33"]

1. e4 d5 2. exd5 Nf6 3. d4 Bg4 4. Bb5+ Nbd7 5. f3 Bf5 6. c4 a6 7. Bxd7+ Qxd7 8. Ne2 e6 9. dxe6 Qxe6 10. Qa4+ Nd7 11. Nbc3 O-O-O 12. c5 Bxc5 13. dxc5 Nxc5 14. Qa5 Nd3+ 15. Kf1 Rhe8 16. Bf4 Nxf4 17. Nxf4 Qc4+ 18. Nce2 Bd3 19. Nxd3 Qxd3 20. Re1 Qe3 21. Qc3 Rd3 22. Qxg7 Rd1 23. Qg4+ Kb8 24. f4 Rxe1+ 25. Kxe1 Qc1+ 26. Kf2 Qxh1 27. h3 Qd1 28. Qf3 Qc2 29. Kf1 Qb1+ 30. Kf2 Qxb2 31. a3 c5 32. Qd3 Kc7 33. Kf3 Rxe2 34. Qxe2 Qxe2+ 35. Kxe2 Kd6 36. Kd3 Kd5 37. g4 c4+ 38. Kc3 b5 0-1

[Event "14th Vandoeuvre Open 2018"]
[Site "?"]
[Date "2018.01.03"]
[Round "4"]
[White "Rauta, Nicolas"]
[Black "Pavee, Louis"]
[Result "1-0"]
[ECO "A25"]
[WhiteElo "1963"]
[BlackElo "1740"]
[PlyCount "137"]
[EventDate "2018.??.??"]
[EventType "swiss"]
[EventCountry "FRA"]
[SourceTitle "Vandoeuvre"]
[TimeControl "5400+30"]
[WhiteClock "0:33:41"]
[BlackClock "0:01:57"]

1. c4 e5 2. Nc3 Nc6 3. g3 Bc5 4. Bg2 f5 5. e3 Nf6 6. Nge2 d6 7. a3 a5 8. O-O O-O 9. d4 Bb6 10. b3 Qe7 11. Bb2 Kh8 12. Rc1 Nd8 13. b4 c6 14. Na4 Bc7 15. b5 Bd7 16. Nac3 e4 17. a4 d5 18. cxd5 cxd5 19. Nxe4 fxe4 20. Rxc7 Rc8 21. Rxc8 Bxc8 22. Qb3 Nf7 23. Nf4 Be6 24. Rc1 Qd7 25. Qc3 Nd6 26. Qc7 Nc4 27. Qxd7 Bxd7 28. Ba1 Rc8 29. Bf1 Nb6 30. Rxc8+ Bxc8 31. Bc3 Nxa4 32. Bxa5 Bd7 33. Bd8 Nc3 34. Bxf6 gxf6 35. Nh5 Bxb5 36. Bxb5 Nxb5 37. Nxf6 Nc3 38. Nd7 b5 39. Nc5 Kg7 40. Kf1 Kf7 41. Ke1 Ke7 42. Kd2 Na2 43. Na6 b4 44. Kc2 Kf6 45. Kb3 Nc1+ 46. Kxb4 Nd3+ 47. Kc3 Nxf2 48. Kd2 Ke6 49. Nc5+ Kd6 50. Ke2 Ng4 51. h3 Nh2 52. Kf2 h5 53. Nb3 Nf3 54. Nc1 h4 55. gxh4 Nxh4 56. Ne2 Nf3 57. Nf4 Nh4 58. Ng2 Nf5 59. h4 Kc6 60. Kg1 Kb5 61. h5 Kc6 62. Kh2 Kd6 63. Kh3 Ke6 64. Kg4 Kf6 65. Kf4 Ng7 66. h6 Ne6+ 67. Kg4 Kg6 68. Nf4+ Nxf4 69. Kxf4 1-0

[Event "14th Vandoeuvre Open 2018"]
[Site "?"]
[Date "2018.01.03"]
[Round "4"]
[White "Steininger, Denis"]
[Black "El Barbry, Sarah"]
[Result "1-0"]
[ECO "C18"]
[WhiteElo "1957"]
[BlackElo "1805"]
[PlyCount "117"]
[EventDate "2018.??.??"]
[EventType "swiss"]
[EventCountry "FRA"]
[SourceTitle "Vandoeuvre"]
[TimeControl "5400+30"]
[WhiteClock "0:01:06"]
[BlackClock "1:14:25"]

1. e4 e6 2. d4 d5 3. Nc3 Bb4 4. e5 c5 5. a3 Bxc3+ 6. bxc3 Qc7 7. Nf3 Nc6 8. a4 Nge7 9. Ba3 Qa5 10. Qd2 cxd4 11. Nxd4 Nxd4 12. Qxd4 Nc6 13. Bb5 Qxb5 14. axb5 Nxd4 15. cxd4 Bd7 16. Bc5 Bxb5 17. Rxa7 Rxa7 18. Bxa7 Kd7 19. Kd2 Ra8 20. Bc5 Bc4 21. g4 h6 22. h4 g6 23. f4 Rh8 24. h5 gxh5 25. Rxh5 Rg8 26. Rh4 Bf1 27. Ke3 Bg2 28. c3 Be4 29. c4 Kc6 30. f5 exf5 31. Rxh6+ Rg6 32. cxd5+ Kxd5 33. g5 Rxg5 34. Rf6 Rg3+ 35. Ke2 Rg7 36. Rd6+ Kc4 37. Rd7 f4 38. Kf1 Bc6 39. Rc7 Kd5 40. Re7 Rg3 41. Rxf7 Rf3+ 42. Kg1 Ke6 43. Rf6+ Kd7 44. Rd6+ Ke8 45. d5 Bb5 46. Rb6 Ba6 47. Rf6 Rg3+ 48. Kf2 Rg8 49. e6 Bc4 50. d6 Bb5 51. Rxf4 Bc6 52. Ke3 Kd8 53. Bb6+ Ke8 54. Kd4 Rg5 55. Bc5 Rg8 56. Kc4 Kd8 57. Kb4 Rg5 58. Rf8+ Be8 59. Bb6+ 1-0

[Event "14th Vandoeuvre Open 2018"]
[Site "?"]
[Date "2018.01.03"]
[Round "4"]
[White "Steininger, Denis"]
[Black "Kuhn, Manfred"]
[Result "1-0"]
[ECO "B50"]
[WhiteElo "1957"]
[BlackElo "2174"]
[PlyCount "71"]
[EventDate "2018.??.??"]
[EventType "swiss"]
[EventCountry "FRA"]
[SourceTitle "Vandoeuvre"]
[TimeControl "5400+30"]
[WhiteClock "0:09:08"]
[BlackClock "1:28:45"]

1. e4 c5 2. Nf3 d6 3. c3 Nf6 4. Be2 Bd7 5. e5 dxe5 6. Nxe5 Qc7 7. Nxd7 Nbxd7 8. d4 e6 9. Na3 a6 10. Nc4 b5 11. Ne3 Be7 12. a4 Rb8 13. O-O O-O 14. f4 cxd4 15. cxd4 Rfd8 16. f5 e5 17. dxe5 Nxe5 18. Qb3 Qb6 19. axb5 axb5 20. h3 Bc5 21. Kh1 Ne4 22. Ng4 Nxg4 23. Bxg4 Nf2+ 24. Kh2 Qc7+ 25. g3 Rd3 26. Bf4 Rxb3 27. Bxc7 Rc8 28. Rxf2 Bxf2 29. f6 Rf8 30. Be5 gxf6 31. Bxf6 Bxg3+ 32. Kg2 Bf4 33. Bf3 Re3 34. Kf2 Re6 35. Rg1+ Bg3+ 36. Rxg3# 1-0

[Event "14th Vandoeuvre Open 2018"]
[Site "?"]
[Date "2018.01.03"]
[Round "4"]
[White "Rittie, Daniel"]
[Black "Poplavsky, Alexandre"]
[Result "1-0"]
[ECO "A20"]
[WhiteElo "1944"]
[BlackElo "1739"]
[PlyCount "67"]
[EventDate "2018.??.??"]
[EventType "swiss"]
[EventCountry "FRA"]
[SourceTitle "Vandoeuvre"]
[TimeControl "5400+30"]
[WhiteClock "0:04:34"]
[BlackClock "0:06:34"]

1. c4 e5 2. g3 Nc6 3. Bg2 Bc5 4. Nc3 d6 5. d3 Bf5 6. a3 Qd7 7. b4 Bd4 8. Bb2 a6 9. e3 Ba7 10. Nd5 Nd8 11. Ne2 c6 12. Ndc3 Ne7 13. O-O Bh3 14. d4 Ng6 15. dxe5 Nxe5 16. Ne4 Bb8 17. Rc1 O-O 18. Nf4 Bxg2 19. Kxg2 f6 20. Qc2 Ndf7 21. Rfd1 Qe7 22. Nd2 Nh6 23. h3 g5 24. Ne2 Qf7 25. Ne4 Rd8 26. Bxe5 fxe5 27. Nxg5 Qf5 28. Nf3 Rf8 29. Qxf5 Rxf5 30. Rd2 Bc7 31. Nc3 Raf8 32. Nh4 Rg5 33. Ne4 Rg7 34. Nxd6 1-0

[Event "14th Vandoeuvre Open 2018"]
[Site "?"]
[Date "2018.01.03"]
[Round "4"]
[White "Rittie, Daniel"]
[Black "Budak, Rewi"]
[Result "0-1"]
[ECO "A30"]
[WhiteElo "1944"]
[BlackElo "2015"]
[PlyCount "110"]
[EventDate "2018.??.??"]
[EventType "swiss"]
[EventCountry "FRA"]
[SourceTitle "Vandoeuvre"]
[TimeControl "5400+30"]
[WhiteClock "0:08:34"]
[BlackClock "0:01:05"]

1. c4 c5 2. g3 Nc6 3. Bg2 Nf6 4. Nc3 g6 5. d3 Bg7 6. e4 O-O 7. Nge2 a6 8. O-O d6 9. Rb1 Rb8 10. a3 b5 11. cxb5 axb5 12. b4 Ba6 13. h3 e6 14. Be3 Qe7 15. d4 cxd4 16. Nxd4 Rfc8 17. Nxc6 Rxc6 18. Qb3 Rbc8 19. Rbc1 Rc4 20. Ne2 Qc7 21. Qd3 Nd7 22. Rfd1 Bf8 23. Rxc4 bxc4 24. Qc2 c3 25. Bf1 Ne5 26. Nd4 Bxf1 27. Kxf1 Qc4+ 28. Kg2 Ra8 29. Bc1 Nc6 30. Ne2 Nxb4 31. Qxc3 Qxe2 32. Bb2 Qxe4+ 33. Kg1 e5 34. Qxb4 Qxb4 35. axb4 Rb8 36. Bc3 Rb5 37. Kf1 f6 38. Rb1 d5 39. Ke2 Kf7 40. f3 Ke6 41. Kd3 f5 42. Ra1 d4 43. Bd2 Kd5 44. Ra5 e4+ 45. fxe4+ fxe4+ 46. Ke2 Rxa5 47. bxa5 Bc5 48. Bf4 Ba7 49. Bc7 Kc6 50. Bd8 Kb5 51. g4 Bc5 52. h4 Bb4 53. Bb6 Bd6 54. Bd8 Bc5 55. Kd2 d3 {Ke3 Bb4} 0-1

[Event "14th Vandoeuvre Open 2018"]
[Site "?"]
[Date "2018.01.03"]
[Round "4"]
[White "Willockx, Ritsaart"]
[Black "Schmitt, Axel"]
[Result "1/2-1/2"]
[ECO "A01"]
[WhiteElo "1940"]
[BlackElo "2323"]
[PlyCount "80"]
[EventDate "2018.??.??"]
[EventType "swiss"]
[EventCountry "FRA"]
[SourceTitle "Vandoeuvre"]
[TimeControl "5400+30"]
[WhiteClock "0:30:38"]
[BlackClock "0:15:46"]

1. b3 b6 2. Bb2 Bb7 3. e3 e6 4. Nf3 Nf6 5. Be2 c5 6. O-O Be7 7. d3 O-O 8. Nbd2 d5 9. Ne5 Nc6 10. Nxc6 Bxc6 11. f4 a5 12. a4 b5 13. axb5 Bxb5 14. Bf3 Bc6 15. Qe2 a4 16. e4 axb3 17. Nxb3 Qb6 18. Kh1 dxe4 19. Bxe4 Nxe4 20. dxe4 c4 21. Rxa8 Rxa8 22. Nd4 Qxb2 23. Nxc6 Bf8 24. Ne5 Ra2 25. Qxc4 Qxc2 26. Qxc2 Rxc2 27. Nf3 Rc4 28. Re1 Bb4 29. Ne5 Rd4 30. Nc6 Rc4 31. Nxb4 Rxb4 32. g3 Rb2 33. e5 g6 34. Rc1 h5 35. Rc7 Kg7 36. h4 Ra2 37. Rd7 Rb2 38. Rc7 Ra2 39. Rd7 Rb2 40. Rc7 Ra2 1/2-1/2

[Event "14th Vandoeuvre Open 2018"]
[Site "?"]
[Date "2018.01.03"]
[Round "4"]
[White "Grandmougin, Olivier"]
[Black "Oney, Remel"]
[Result "0-1"]
[ECO "A03"]
[WhiteElo "1904"]
[BlackElo "1828"]
[PlyCount "58"]
[EventDate "2018.??.??"]
[EventType "swiss"]
[EventCountry "FRA"]
[SourceTitle "Vandoeuvre"]
[TimeControl "5400+30"]
[WhiteClock "0:02:17"]
[BlackClock "0:33:54"]

1. f4 d5 2. Nf3 c5 3. e3 Nc6 4. Bb5 Bd7 5. b3 Nf6 6. Bb2 e6 7. O-O a6 8. Bxc6 Bxc6 9. Ne5 d4 10. Nxc6 bxc6 11. Qf3 Qb6 12. Na3 Rd8 13. Nc4 Qc7 14. Ne5 Rd5 15. Qe2 Qb7 16. e4 Rd8 17. f5 Bd6 18. Nxf7 Bxh2+ 19. Kxh2 Qxf7 20. e5 Nd5 21. fxe6 Qxe6 22. Ba3 g5 23. Bxc5 Nf4 24. Qf3 d3 25. c4 Rd7 26. Rae1 Rf7 27. Kg1 Ne2+ 28. Kh2 Rxf3 29. Rxf3 Qxe5+ 0-1

[Event "14th Vandoeuvre Open 2018"]
[Site "?"]
[Date "2018.01.03"]
[Round "4"]
[White "Berthier, Grant"]
[Black "Rauta, Nicolas"]
[Result "1/2-1/2"]
[ECO "D00"]
[WhiteElo "1799"]
[BlackElo "1963"]
[PlyCount "100"]
[EventDate "2018.??.??"]
[EventType "swiss"]
[EventCountry "FRA"]
[SourceTitle "Vandoeuvre"]
[TimeControl "5400+30"]
[WhiteClock "0:01:03"]
[BlackClock "0:17:39"]

1. d4 d5 2. Bf4 Nf6 3. e3 c6 4. Nd2 g6 5. h3 Bg7 6. Ngf3 Nbd7 7. Bd3 O-O 8. O-O b6 9. c3 Bb7 10. Re1 c5 11. e4 dxe4 12. Nxe4 cxd4 13. cxd4 Nxe4 14. Bxe4 Bxe4 15. Rxe4 Nf6 16. Re2 Nd5 17. Bh2 e6 18. Rc1 Qd7 19. Qb3 Rac8 20. Rec2 Bh6 21. Ne5 Qb7 22. Rxc8 Rxc8 23. Rxc8+ Qxc8 24. Qc4 Qxc4 25. Nxc4 Bc1 26. b3 Nc3 27. Bb8 b5 28. Ne5 a6 29. Nd3 Ba3 30. Nc5 Nxa2 31. Nxa6 Nc1 32. b4 Ne2+ 33. Kf1 Nxd4 34. Be5 Nc6 35. Bc3 Kf8 36. Ke2 Ke7 37. Kd3 Kd6 38. Kc2 e5 39. Bd2 Nd4+ 40. Kb1 Ne2 41. Kc2 Kd5 42. Kd3 Nf4+ 43. Kc3 Ne2+ 44. Kd3 Nd4 45. Kc3 f5 46. Nc5 Ne2+ 47. Kd3 Nf4+ 48. Kc3 Ne2+ 49. Kd3 Nf4+ 50. Kc3 Ne2+ 1/2-1/2

[Event "14th Vandoeuvre Open 2018"]
[Site "?"]
[Date "2018.01.03"]
[Round "4"]
[White "Randrianaina, Merlin"]
[Black "Rittie, Daniel"]
[Result "0-1"]
[ECO "A36"]
[WhiteElo "1770"]
[BlackElo "1944"]
[PlyCount "164"]
[EventDate "2018.??.??"]
[EventType "swiss"]
[EventCountry "FRA"]
[SourceTitle "Vandoeuvre"]
[TimeControl "5400+30"]
[WhiteClock "0:04:20"]
[BlackClock "0:00:32"]

1. c4 c5 2. g3 g6 3. Bg2 Bg7 4. Nc3 Nc6 5. e4 d6 6. Nge2 Nf6 7. O-O O-O 8. d4 cxd4 9. Nxd4 Nxd4 10. Qxd4 Be6 11. Qd3 Qc8 12. b3 Bh3 13. Bb2 Bxg2 14. Kxg2 Re8 15. Nd5 Nxd5 16. Bxg7 Nf4+ 17. gxf4 Kxg7 18. Rad1 Qg4+ 19. Qg3 Qe2 20. Qe3 Qxe3 21. fxe3 a6 22. Rd5 Rec8 23. Rfd1 Rc7 24. e5 dxe5 25. Rxe5 e6 26. Rd6 h6 27. c5 Kf6 28. b4 a5 29. a3 axb4 30. axb4 Ra4 31. Rb6 g5 32. Kf3 Ra3 33. Re4 Rd7 34. b5 Rc3 35. fxg5+ hxg5 36. c6 bxc6 37. bxc6 Rc7 38. h4 gxh4 39. Rxh4 R3xc6 40. Rbb4 Rc5 41. Rbf4+ Rf5 42. Rxf5+ Kxf5 43. Rf4+ Ke5 44. Re4+ Kf6 45. Rh4 Rc5 46. e4 Kg6 47. Kf4 e5+ 48. Ke3 Rc3+ 49. Kd2 Rf3 50. Rg4+ Kf6 51. Rg8 Ke7 52. Ke2 Ra3 53. Rb8 Kf6 54. Rb6+ Kg5 55. Rb7 f6 56. Rb6 Kf4 57. Rxf6+ Kxe4 58. Rh6 Ra2+ 59. Ke1 Kf4 60. Rh4+ Kf3 61. Rh3+ Kg4 62. Re3 Kf4 63. Rh3 e4 64. Rh4+ Kf3 65. Rh3+ Kf4 66. Rh4+ Ke3 67. Rh3+ Kd4 68. Rh8 Rb2 69. Rd8+ Ke3 70. Kd1 Ra2 71. Rd7 Ra1+ 72. Kc2 Kf3 73. Rf7+ Ke2 74. Rh7 e3 75. Rh2+ Kf3 76. Rh3+ Kf2 77. Rh2+ Kg3 78. Rh8 e2 79. Rg8+ Kf4 80. Rf8+ Kg5 81. Rg8+ Kf6 82. Rf8+ Ke5 0-1

[Event "14th Vandoeuvre Open 2018"]
[Site "?"]
[Date "2018.01.03"]
[Round "4"]
[White "Roeder, Detlef"]
[Black "Steininger, Denis"]
[Result "0-1"]
[ECO "B24"]
[WhiteElo "1737"]
[BlackElo "1957"]
[PlyCount "56"]
[EventDate "2018.??.??"]
[EventType "swiss"]
[EventCountry "FRA"]
[SourceTitle "Vandoeuvre"]
[TimeControl "5400+30"]
[WhiteClock "1:30:56"]
[BlackClock "0:37:14"]

1. e4 c5 2. Nc3 Nc6 3. Bb5 g6 4. f4 Bg7 5. Nf3 d6 6. O-O Bd7 7. Bxc6 Bxc6 8. d3 b5 9. Ne2 e6 10. c3 Ne7 11. Qe1 f5 12. Ng3 Qd7 13. exf5 exf5 14. Rf2 O-O-O 15. Rb1 Rde8 16. Qf1 Nd5 17. Re2 h5 18. Bd2 h4 19. Nh1 Rxe2 20. Qxe2 Nf6 21. Re1 h3 22. Qe6 hxg2 23. Kxg2 Ng4 24. h3 Bxf3+ 25. Kxf3 Rxh3+ 26. Kg2 Rh2+ 27. Kg1 Rxd2 28. Qd5 Kc7 0-1

[Event "14th Vandoeuvre Open 2018"]
[Site "?"]
[Date "2018.01.03"]
[Round "4"]
[White "Comte, Elise"]
[Black "Steininger, Denis"]
[Result "1-0"]
[ECO "A80"]
[WhiteElo "1722"]
[BlackElo "1957"]
[PlyCount "83"]
[EventDate "2018.??.??"]
[EventType "swiss"]
[EventCountry "FRA"]
[SourceTitle "Vandoeuvre"]
[TimeControl "5400+30"]
[WhiteClock "1:13:40"]
[BlackClock "0:16:02"]

1. d4 f5 2. Nf3 h6 3. e3 Nf6 4. Bd3 e6 5. Nbd2 d5 6. Ne5 Bd6 7. f4 g5 8. Be2 Bxe5 9. fxe5 Ne4 10. Bb5+ c6 11. Qh5+ Kf8 12. Nxe4 dxe4 13. Bc4 Bd7 14. Qg6 Qe7 15. O-O Qg7 16. Qh5 g4 17. b3 Qe7 18. Qxg4 Ke8 19. Qg6+ Kd8 20. a4 b5 21. Ba3 Qe8 22. Qf6+ Kc8 23. axb5 cxb5 24. Be2 Rh7 25. c4 a6 26. Bd6 Kb7 27. Rfc1 Bc6 28. Qh4 Nd7 29. Qe1 Nb6 30. Qc3 Rg7 31. cxb5 axb5 32. Rxa8 Nxa8 33. Ra1 Nb6 34. Bc5 Nc8 35. Qa5 Qg6 36. Bf1 f4 37. Qa8+ Kc7 38. Bd6+ Kd7 39. Ra7+ Nxa7 40. Qxa7+ Ke8 41. Qb8+ Kf7 42. Qf8# 1-0

[Event "14th Vandoeuvre Open 2018"]
[Site "?"]
[Date "2018.01.03"]
[Round "4"]
[White "Grothe, Franz"]
[Black "Pillard, Valentin"]
[Result "0-1"]
[ECO "B23"]
[WhiteElo "1637"]
[BlackElo "1967"]
[PlyCount "84"]
[EventDate "2018.??.??"]
[EventType "swiss"]
[EventCountry "FRA"]
[SourceTitle "Vandoeuvre"]
[TimeControl "5400+30"]
[WhiteClock "0:03:33"]
[BlackClock "0:00:53"]

1. e4 c5 2. Nc3 Nc6 3. f4 g6 4. Nf3 Bg7 5. Bb5 Nd4 6. O-O Nxb5 7. Nxb5 d6 8. d3 a6 9. Nc3 b5 10. Qe1 b4 11. Ne2 Nf6 12. Qh4 c4 13. Be3 Qa5 14. Bd4 cxd3 15. cxd3 O-O 16. h3 Qh5 17. Qe1 a5 18. f5 gxf5 19. Ng3 Qh6 20. Nxf5 Bxf5 21. exf5 Nd5 22. Qe4 Bxd4+ 23. Nxd4 Qe3+ 24. Kh1 Qxe4 25. dxe4 Nf6 26. Rfe1 Rfc8 27. e5 dxe5 28. Rxe5 Rc4 29. Nb3 a4 30. Rc5 Rf4 31. Nd2 Rf2 32. Nc4 a3 33. bxa3 bxa3 34. Ra5 Rxa5 35. Nxa5 Rc2 36. Nb3 Ne4 37. Nd4 Rb2 38. Re1 Nc3 39. Re3 Nb1 40. Re1 Nd2 41. Re2 Rb1+ 42. Kh2 Nf1+ 0-1

[Event "14th Vandoeuvre Open 2018"]
[Site "?"]
[Date "2018.01.03"]
[Round "4"]
[White "Jeanclaude, Bruno"]
[Black "Rauta, Nicolas"]
[Result "0-1"]
[ECO "B13"]
[WhiteElo "1625"]
[BlackElo "1963"]
[PlyCount "58"]
[EventDate "2018.??.??"]
[EventType "swiss"]
[EventCountry "FRA"]
[SourceTitle "Vandoeuvre"]
[TimeControl "5400+30"]
[WhiteClock "0:47:52"]
[BlackClock "1:11:40"]

1. e4 c6 2. d4 d5 3. exd5 cxd5 4. c4 dxc4 5. Bxc4 Nf6 6. Nc3 e6 7. Nf3 Be7 8. d5 exd5 9. Nxd5 Nxd5 10. Qxd5 Qxd5 11. Bxd5 Bb4+ 12. Bd2 Bxd2+ 13. Nxd2 O-O 14. O-O Rd8 15. Rfe1 Kf8 16. Rac1 Na6 17. Rxc8 Raxc8 18. Bxb7 Rc2 19. Bxa6 Rdxd2 20. Bb5 g6 21. h4 Rxf2 22. h5 Rxg2+ 23. Kh1 Rh2+ 24. Kg1 Rxh5 25. a4 Rxb2 26. Re8+ Kg7 27. Re7 Rhxb5 28. axb5 Rxb5 29. Rxa7 Rb2 0-1

[Event "14th Vandoeuvre Open 2018"]
[Site "?"]
[Date "2018.01.04"]
[Round "5"]
[White "Riou Durand, Lionel"]
[Black "Oney, Remel"]
[Result "0-1"]
[ECO "A00"]
[WhiteElo "1898"]
[BlackElo "1828"]
[PlyCount "122"]
[EventDate "2018.??.??"]
[EventType "swiss"]
[EventCountry "FRA"]
[SourceTitle "Vandoeuvre"]
[TimeControl "5400+30"]
[WhiteClock "0:01:31"]
[BlackClock "0:00:39"]

1. e3 Nf6 2. f4 g6 3. Nf3 Bg7 4. Be2 d5 5. O-O O-O 6. d3 c5 7. Ne5 Qc7 8. Bf3 e6 9. e4 d4 10. a4 Bd7 11. Nd2 Nc6 12. Ndc4 Ne8 13. Nxc6 Bxc6 14. Qe1 Bxa4 15. Rxa4 b5 16. e5 Rb8 17. Ra6 bxc4 18. Rc6 Qe7 19. dxc4 Rb6 20. Qa5 Rxc6 21. Bxc6 g5 22. Rf3 gxf4 23. Bxf4 f6 24. exf6 Nxf6 25. Be5 Ng4 26. Bxg7 Kxg7 27. Qe1 Rxf3 28. Bxf3 Ne3 29. Qe2 Qg5 30. Qd2 Qe5 31. Qe2 Qf5 32. c3 e5 33. cxd4 exd4 34. h3 Qb1+ 35. Kf2 Qc1 36. Bd5 Nd1+ 37. Kg3 Qg5+ 38. Kh2 Qf4+ 39. g3 Qf2+ 40. Qxf2 Nxf2 41. Kg2 Nd3 42. b3 Nc1 43. b4 cxb4 44. c5 Kf6 45. Kf3 Ke5 46. Be4 h6 47. g4 b3 48. h4 b2 49. c6 Kd6 50. Bb1 Kxc6 51. g5 hxg5 52. h5 g4+ 53. Kg3 d3 54. h6 d2 55. h7 d1=Q 56. Be4+ Kd6 57. h8=Q Qg1+ 58. Kf4 Ne2+ 59. Kf5 Qc5+ 60. Kg6 Nf4+ 61. Kf7 Qc7+ 0-1

[Event "14th Vandoeuvre Open 2018"]
[Site "?"]
[Date "2018.01.04"]
[Round "5"]
[White "Budak, Rezan"]
[Black "Comte, Elise"]
[Result "0-1"]
[ECO "C24"]
[WhiteElo "1870"]
[BlackElo "1722"]
[PlyCount "60"]
[EventDate "2018.??.??"]
[EventType "swiss"]
[EventCountry "FRA"]
[SourceTitle "Vandoeuvre"]
[TimeControl "5400+30"]
[WhiteClock "0:09:05"]
[BlackClock "0:22:55"]

1. e4 e5 2. Bc4 Nf6 3. d4 Nc6 4. Nf3 Be7 5. Nxe5 O-O 6. Nxf7 Rxf7 7. Bxf7+ Kxf7 8. e5 Ne8 9. O-O d5 10. c3 g6 11. Be3 Ng7 12. g4 Be6 13. h3 Qd7 14. Nd2 Rh8 15. Kg2 h5 16. f3 Ke8 17. Nb3 hxg4 18. hxg4 Rh4 19. Rh1 Rxh1 20. Kxh1 b6 21. Qe2 Bh4 22. Bh6 Kf7 23. Kg2 Ne7 24. Rh1 g5 25. Bxg7 Kxg7 26. Kf1 Ng6 27. Qe3 Qa4 28. Nc1 Qd1+ 29. Kg2 Nf4+ 30. Qxf4 Qc2+ 0-1

[Event "14th Vandoeuvre Open 2018"]
[Site "?"]
[Date "2018.01.04"]
[Round "5"]
[White "Bat, Bilguun"]
[Black "Schmitt, Axel"]
[Result "0-1"]
[ECO "A46"]
[WhiteElo "1809"]
[BlackElo "2323"]
[PlyCount "87"]
[EventDate "2018.??.??"]
[EventType "swiss"]
[EventCountry "FRA"]
[SourceTitle "Vandoeuvre"]
[TimeControl "5400+30"]
[WhiteClock "0:25:24"]
[BlackClock "0:21:51"]

1. d4 Nf6 2. Nf3 e6 3. e3 b6 4. Bd3 Bb7 5. O-O Be7 6. b3 O-O 7. Bb2 c5 8. Nbd2 d5 9. Ne5 Nc6 10. f4 Rc8 11. a3 Qc7 12. Rc1 Rfd8 13. Qe2 Nxe5 14. fxe5 Ne4 15. Bxe4 dxe4 16. c4 Bg5 17. h4 Bxh4 18. Qg4 Qe7 19. Nxe4 Bxe4 20. Qxe4 Bg5 21. Rcd1 h6 22. Rf3 Rd7 23. Rff1 f6 24. exf6 Bxf6 25. a4 Rcd8 26. Ba3 Qe8 27. Qg4 Bg5 28. Rf3 Qg6 29. Kh1 Kh7 30. Re1 cxd4 31. exd4 Rxd4 32. Qxe6 Qxe6 33. Rxe6 Bf4 34. Kg1 Rd1+ 35. Kf2 Bg5 36. Bb4 R1d3 37. Be7 Rxf3+ 38. gxf3 Re8 39. Bxg5 Rxe6 40. Be3 Kg6 41. b4 Rc6 42. c5 bxc5 43. Bxc5 a5 44. Ke1 0-1